XFBL
CALIFORNIA ANGELS @ BOSTON RED SOX
03/14/1982
 
TOP OF THE 1ST
California Angels batting - Pitching for Boston Red Sox : LHP Gary Perritt
Pitching: LHP Gary Perritt
Batting: LHB Brian Rosinski 0-0: Called Strike
0-1: Called Strike
0-2: Ball
1-2: Strikes out swinging
Batting: RHB Jeff Atherton 0-0: Ball
1-0: Swinging Strike
1-1: Ball
2-1: Ground out 6-3 (Groundball, 6, EV 85.0 MPH)
Batting: RHB Charlie Moore 0-0: Swinging Strike
0-1: Swinging Strike
0-2: Ball
1-2: Ground out 6-3 (Groundball, 6, EV 103.1 MPH)
Top of the 1st over - 0 runs, 0 hits, 0 errors, 0 left on base; California 0 - Boston 0
BOTTOM OF THE 1ST
Boston Red Sox batting - Pitching for California Angels : RHP Clay Kirby
Pitching: RHP Clay Kirby
Batting: LHB Claudell Washington 0-0: Called Strike
0-1: Ball
1-1: TRIPLE (Flyball, 7LD, EV 99.4 MPH)
Batting: RHB Richie Zisk 0-0: Foul Ball, location: 2F
0-1: Foul Ball, location: 2F
0-2: Ground out 5-3 (Groundball, 5S, EV 84.4 MPH)
Batting: RHB Jeff Burroughs 0-0: Ball
1-0: Ball
Wild Pitch!
Claudell Washington scores
2-0: Foul Ball, location: 2F
2-1: Foul Ball, location: 2F
2-2: Strikes out swinging
Batting: SHB Reggie Smith 0-0: Ground out 5-3 (Groundball, 56, EV 86.3 MPH)
Bottom of the 1st over - 1 run, 1 hit, 0 errors, 0 left on base; California 0 - Boston 1
TOP OF THE 2ND
California Angels batting - Pitching for Boston Red Sox : LHP Gary Perritt
Batting: LHB Ralph Garr 0-0: Called Strike
0-1: Swinging Strike
0-2: Ball
1-2: Foul Ball, location: 2F
1-2: Fly out, F7 (Line Drive, 7D, EV 95.0 MPH)
Batting: LHB John Milner 0-0: Ball
1-0: Ball
2-0: Called Strike
2-1: Called Strike
2-2: Ball
3-2: Ground out U3 (Groundball, 34S, EV 81.3 MPH)
Batting: SHB Manny Castillo 0-0: Called Strike
0-1: Ground out 6-3 (Groundball, 56, EV 84.4 MPH)
Top of the 2nd over - 0 runs, 0 hits, 0 errors, 0 left on base; California 0 - Boston 1
BOTTOM OF THE 2ND
Boston Red Sox batting - Pitching for California Angels : RHP Clay Kirby
Batting: LHB Willie Aikens 0-0: Swinging Strike
0-1: Swinging Strike
0-2: Foul Ball, location: 2F
0-2: Ball
1-2: Strikes out swinging
Batting: SHB Phil Ouellette 0-0: Called Strike
0-1: Foul Ball, location: 2F
0-2: Ball
1-2: Foul Ball, location: 2F
1-2: Strikes out swinging
Batting: LHB Dave Haberle 0-0: Called Strike
0-1: Swinging Strike
0-2: Strikes out swinging
Bottom of the 2nd over - 0 runs, 0 hits, 0 errors, 0 left on base; California 0 - Boston 1
TOP OF THE 3RD
California Angels batting - Pitching for Boston Red Sox : LHP Gary Perritt
Batting: SHB Ignacio Medina 0-0: Fly out, F8 (Flyball, 8RS, EV 84.4 MPH)
Batting: RHB Mike Bishop 0-0: Called Strike
0-1: Foul Ball, location: 2F
0-2: Strikes out swinging
Batting: RHB Rafael Ramirez 0-0: Ball
1-0: Fly out, F9 (Flyball, 89M, EV 86.9 MPH)
Top of the 3rd over - 0 runs, 0 hits, 0 errors, 0 left on base; California 0 - Boston 1
BOTTOM OF THE 3RD
Boston Red Sox batting - Pitching for California Angels : RHP Clay Kirby
Batting: LHB Larry Harlow 0-0: Ground out 5-3 (Groundball, 56S, EV 70.6 MPH)
Batting: SHB Albert Hall 0-0: Ground out U3 (Groundball, 34, EV 100.0 MPH)
Batting: LHB Claudell Washington 0-0: Ball
1-0: Reached on error, E6 (Groundball, 6, EV 93.1 MPH)
Batting: RHB Richie Zisk 0-0: Ball
1-0: Swinging Strike
1-1: Ball
2-1: Ball
Wild Pitch!
Claudell Washington to second
3-1: Fly out, F8 (Flyball, 8LM, EV 86.3 MPH)
Bottom of the 3rd over - 0 runs, 0 hits, 1 error, 1 left on base; California 0 - Boston 1
TOP OF THE 4TH
California Angels batting - Pitching for Boston Red Sox : LHP Gary Perritt
Batting: LHB Brian Rosinski 0-0: Ball
1-0: Called Strike
1-1: Ball
2-1: Swinging Strike
2-2: Ball
3-2: Base on Balls
Batting: RHB Jeff Atherton 0-0: Ball
1-0: Ball
2-0: Foul Ball, location: 2F
2-1: SINGLE (Line Drive, 9LS, EV 85.6 MPH)
Brian Rosinski to second
Runner from 2nd tries for 3rd, SAFE, throw by RF made to third
Batting: RHB Charlie Moore 0-0: SINGLE (Flyball, 78S, EV 91.3 MPH)
Brian Rosinski scores
Jeff Atherton to second
Batting: LHB Ralph Garr 0-0: Fly out, F9 (Flyball, 9D, EV 96.9 MPH)
Runner from 2nd tags up, SAFE at 3rd, no throw by RF
Batting: LHB John Milner 0-0: Called Strike
Charlie Moore steals 2nd base
0-1: Called Strike
0-2: Ball
1-2: Fly out, F7 (Flyball, 7LD, EV 96.9 MPH)
Runner from 3rd tags up, SCORES, no throw by LF
Charlie Moore to third
Batting: SHB Manny Castillo 0-0: Foul Ball, location: 2F
0-1: Called Strike
0-2: Foul Ball, location: 2F
0-2: Ground out 5-3 (Groundball, 56, EV 85.6 MPH)
Top of the 4th over - 2 runs, 2 hits, 0 errors, 1 left on base; California 2 - Boston 1
BOTTOM OF THE 4TH
Boston Red Sox batting - Pitching for California Angels : RHP Clay Kirby
Batting: RHB Jeff Burroughs 0-0: Called Strike
0-1: Foul Ball, location: 2F
0-2: Strikes out swinging
Batting: SHB Reggie Smith 0-0: Foul Ball, location: 2F
0-1: Ball
1-1: Ball
2-1: SINGLE (Line Drive, 89S, EV 111.9 MPH)
Batting: LHB Willie Aikens 0-0: Ball
1-0: Ball
2-0: Foul Ball, location: 2F
2-1: Ball
3-1: Foul Ball, location: 2F
3-2: Fly out, F7 (Flyball, 78XD, EV 90.6 MPH)
Batting: SHB Phil Ouellette 0-0: Ball
1-0: Ball
2-0: Called Strike
2-1: Swinging Strike
2-2: Ball
3-2: Strikes out swinging
Bottom of the 4th over - 0 runs, 1 hit, 0 errors, 1 left on base; California 2 - Boston 1
TOP OF THE 5TH
California Angels batting - Pitching for Boston Red Sox : LHP Gary Perritt
Pitching: LHP Kenneth Kollmyer
Batting: SHB Ignacio Medina 0-0: Called Strike
0-1: Ball
1-1: Foul Ball, location: 2F
1-2: Ball
2-2: Ball
3-2: Strikes out looking
Batting: RHB Mike Bishop 0-0: Foul Ball, location: 2F
0-1: Ground out 4-3 (Groundball, 4, EV 105.0 MPH)
Batting: RHB Rafael Ramirez 0-0: Swinging Strike
0-1: Foul Ball, location: 2F
0-2: Ball
1-2: Strikes out swinging
Top of the 5th over - 0 runs, 0 hits, 0 errors, 0 left on base; California 2 - Boston 1
BOTTOM OF THE 5TH
Boston Red Sox batting - Pitching for California Angels : RHP Clay Kirby
Pitching: RHP Jerry Reed
Batting: LHB Dave Haberle 0-0: Ball
1-0: Called Strike
1-1: Foul Ball, location: 2F
1-2: Foul Ball, location: 2F
1-2: Ground out 5-3 (Groundball, 56, EV 100.6 MPH)
Batting: LHB Larry Harlow 0-0: Ball
1-0: Called Strike
1-1: Ball
2-1: Ground out 6-3 (Groundball, 6, EV 100.0 MPH)
Batting: SHB Albert Hall 0-0: Fly out, F7 (Flyball, 7, EV 93.8 MPH)
Bottom of the 5th over - 0 runs, 0 hits, 0 errors, 0 left on base; California 2 - Boston 1
TOP OF THE 6TH
California Angels batting - Pitching for Boston Red Sox : LHP Kenneth Kollmyer
Batting: LHB Brian Rosinski 0-0: Called Strike
0-1: Swinging Strike
0-2: Ball
1-2: Foul Ball, location: 2F
1-2: Strikes out swinging
Batting: RHB Jeff Atherton 0-0: Ball
1-0: Fly out, F7 (Flyball, 7S, EV 85.6 MPH)
Batting: RHB Charlie Moore 0-0: Swinging Strike
0-1: Foul Ball, location: 2F
0-2: Ball
1-2: Strikes out looking
Top of the 6th over - 0 runs, 0 hits, 0 errors, 0 left on base; California 2 - Boston 1
BOTTOM OF THE 6TH
Boston Red Sox batting - Pitching for California Angels : RHP Jerry Reed
Batting: LHB Claudell Washington 0-0: Ball
1-0: Called Strike
1-1: Called Strike
1-2: Ball
2-2: Foul Ball, location: 2F
2-2: Ball
3-2: Ground out U3 (Groundball, 34, EV 81.9 MPH)
Batting: RHB Richie Zisk 0-0: Ball
1-0: Ground out 6-3 (Groundball, 4MD, EV 105.0 MPH)
Batting: RHB Jeff Burroughs 0-0: Called Strike
0-1: SINGLE (Line Drive, 7S, EV 94.4 MPH)
Batting: SHB Reggie Smith 0-0: Swinging Strike
0-1: Ball
1-1: Foul Ball, location: 2F
1-2: Ball
2-2: Ball
3-2: Strikes out swinging
Bottom of the 6th over - 0 runs, 1 hit, 0 errors, 1 left on base; California 2 - Boston 1
TOP OF THE 7TH
California Angels batting - Pitching for Boston Red Sox : LHP Kenneth Kollmyer
Batting: LHB Ralph Garr 0-0: Swinging Strike
0-1: Ball
1-1: Foul Ball, location: 2F
1-2: Ball
2-2: Fly out, F7 (Line Drive, 7, EV 104.4 MPH)
Batting: LHB John Milner 0-0: Called Strike
0-1: Ball
1-1: Called Strike
1-2: Strikes out swinging
Batting: SHB Manny Castillo 0-0: Ball
1-0: Called Strike
1-1: Ground out 5-3 (Groundball, 56S, EV 76.9 MPH)
Top of the 7th over - 0 runs, 0 hits, 0 errors, 0 left on base; California 2 - Boston 1
BOTTOM OF THE 7TH
Boston Red Sox batting - Pitching for California Angels : RHP Jerry Reed
Batting: LHB Willie Aikens 0-0: Called Strike
0-1: Called Strike
0-2: Foul Ball, location: 2F
0-2: Ground out U3 (Groundball, 3, EV 106.9 MPH)
Batting: SHB Phil Ouellette 0-0: Swinging Strike
0-1: Foul Ball, location: 2F
0-2: Foul Ball, location: 2F
0-2: Ball
1-2: Foul Ball, location: 2F
1-2: Ball
2-2: Ground out U3 (Groundball, 3, EV 91.3 MPH)
Batting: LHB Dave Haberle 0-0: Called Strike
0-1: Ball
1-1: Swinging Strike
1-2: Ball
2-2: Strikes out swinging
Bottom of the 7th over - 0 runs, 0 hits, 0 errors, 0 left on base; California 2 - Boston 1
TOP OF THE 8TH
California Angels batting - Pitching for Boston Red Sox : LHP Kenneth Kollmyer
Batting: SHB Ignacio Medina 0-0: Called Strike
0-1: Called Strike
0-2: Ground out 6-3 (Groundball, 6, EV 90.0 MPH)
Batting: RHB Mike Bishop 0-0: Ball
1-0: Called Strike
1-1: Ball
2-1: Ball
3-1: Called Strike
3-2: Strikes out swinging
Batting: RHB Rafael Ramirez 0-0: Called Strike
0-1: Ground out 6-3 (Groundball, 6, EV 83.1 MPH)
Top of the 8th over - 0 runs, 0 hits, 0 errors, 0 left on base; California 2 - Boston 1
BOTTOM OF THE 8TH
Boston Red Sox batting - Pitching for California Angels : RHP Jerry Reed
Pitching: RHP Alfredo Rojas
Now in CF: Carlos Pimentel
Batting: LHB Larry Harlow 0-0: Ball
1-0: Ball
2-0: Ball
3-0: Called Strike
3-1: Swinging Strike
3-2: Ground out 6-3 (Groundball, 6, EV 104.4 MPH)
Batting: SHB Albert Hall 0-0: Ground out 1-3 (Groundball, 34S, EV 67.5 MPH)
Pinch Hitting: SHB Dave Collins 0-0: Foul Ball, location: 2F
0-1: Ball
1-1: Ground out 6-3 (Groundball, 6, EV 83.8 MPH)
Bottom of the 8th over - 0 runs, 0 hits, 0 errors, 0 left on base; California 2 - Boston 1
TOP OF THE 9TH
California Angels batting - Pitching for Boston Red Sox : LHP Kenneth Kollmyer
Now in RF: Dave Collins
Batting: RHB Carlos Pimentel 0-0: Ball
1-0: Foul Ball, location: 2F
1-1: Called Strike
1-2: Ball
2-2: Foul Ball, location: 2F
2-2: SOLO HOME RUN (Flyball, 7D, EV 96.3 MPH), Distance : 380 ft
Pinch Hitting: RHB Frank White 0-0: Called Strike
0-1: Swinging Strike
0-2: Ball
1-2: Ball
2-2: Ground out U3 (Groundball, 3L, EV 86.3 MPH)
Pinch Hitting: LHB Geno Petralli 0-0: Ball
1-0: Ball
2-0: Called Strike
2-1: Called Strike
2-2: SINGLE (Groundball, 4S, EV 70.6 MPH) (infield hit)
Pitching: RHP Don Sutton
Batting: SHB Jon Hernandez 0-0: Foul Ball, location: 2F
0-1: Ball
1-1: Ball
2-1: Foul Ball, location: 2F
2-2: Foul Ball, location: 2F
2-2: Fly out, F6 (Line Drive, 6, EV 68.1 MPH)
Pinch Hitting: LHB Franklin Lopez 0-0: Called Strike
0-1: Called Strike
0-2: Strikes out swinging
Top of the 9th over - 1 run, 2 hits, 0 errors, 1 left on base; California 3 - Boston 1
BOTTOM OF THE 9TH
Boston Red Sox batting - Pitching for California Angels : RHP Alfredo Rojas
Now at C: Geno Petralli
Now at 2B: Frank White
Now in LF: Franklin Lopez
Pinch Hitting: RHB Kelly Heath 0-0: Ball
1-0: Fly out, F9 (Flyball, 89D, EV 86.3 MPH)
Pinch Hitting: SHB Scotti Madison 0-0: Ball
1-0: Foul Ball, location: 2F
1-1: Ground out 6-3 (Groundball, 6, EV 105.0 MPH)
Batting: LHB George Brett 0-0: Ball
1-0: Fly out, F6 (Flyball, 4MD, EV 96.3 MPH)
Bottom of the 9th over - 0 runs, 0 hits, 0 errors, 0 left on base; California 3 - Boston 1
Wednesday, July 15th, 2020 - OOTP Baseball 21.4 Build 63